 Dungeon Crawl Stone Soup version 0.28-a0-381-g937acc2988 (webtiles) character file.

Game seed: 17446759202206411545

64 Sweetruy1997 the Chopper (level 3, -1/31 HPs)
             Began as a Palentonga Berserker on Sept 1, 2021.
             Was a Believer of Trog.
             Killed from afar by Natasha (11 damage)
             ... with a magic dart
             ... on level 2 of the Dungeon.
             The game lasted 00:04:36 (1471 turns).

Sweetruy1997 the Chopper (Palentonga Berserker)     Turns: 1471, Time: 00:04:37

Health: -1/31      AC:  5    Str: 20    XL:     3   Next: 91%
Magic:  3/3        EV:  9    Int:  7    God:    Trog [**....]
Gold:   29         SH:  0    Dex: 10    Spells: 2/2 levels left

rFire   + . .      SeeInvis +   a - +0 hand axe
rCold   + . .      Faith    .   (no shield)
rNeg    . . .      Spirit   .   l - +0 ring mail
rPois   .          Reflect  .   (no helmet)
rElec   .          Harm     .   k - scarf {rC+ rF+}
rCorr   .          Rampage  .   (no gloves)
Will    .....                   (no barding)
Stlth   +.........              (no amulet)
HPRegen 0.10/turn               (no ring)
MPRegen 0.08/turn               (no ring)

@: on berserk cooldown, slowed, very slow
A: large, rugged brown scales 3, see invisible, deformed body, roll 1, armoured
tail
a: Rolling Charge, Renounce Religion, Berserk, Trog's Hand


You were on level 2 of the Dungeon.
You worshipped Trog.
Trog was pleased with you.
You visited 1 branch of the dungeon, and saw 2 of its levels.

You collected 59 gold pieces.
You spent 30 gold pieces at shops.

Inventory:

Hand Weapons
 a - a +0 hand axe (weapon)
Armour
 k - a scarf of resistance (worn)
 l - a +0 ring mail (worn)
Scrolls
 e - a scroll of magic mapping
 f - 2 scrolls of fear
 g - 2 scrolls of teleportation
 h - a scroll of fog {unknown}
Potions
 d - 2 potions of might
 i - a potion of brilliance {unknown}
 j - a potion of cancellation {unknown}


   Skills:
 + Level 3.4 Fighting
 + Level 4.0 Axes
 + Level 1.7 Armour
 + Level 1.9 Dodging
 + Level 0.2 Stealth


You had 2 spell levels left.
You didn't know any spells.
Your spell library was empty.

Dungeon Overview and Level Annotations

Branches:
Dungeon (2/15)

Altars:

Shops:
D:1 (=*:

Annotations:
D:2 Natasha


Innate Abilities, Weirdness & Mutations

You are completely covered in rugged brown scales. (AC +3, +7% HP)
You have supernaturally acute eyesight. (SInv)
Armour fits poorly on your strangely shaped body.
You can roll at nearby foes to attack.
You have a long armoured tail.


Message History

The magic dart hits you. There's nothing you can charge at!
Unknown command.
A red film seems to cover your vision as you go berserk!
You feel yourself moving faster!
You feel mighty! Natasha claws you.
You slash Natasha!
Your tail-slap misses Natasha.
Natasha is severely wounded.
The shadow imp shouts, "Flee, thou fobbing tickle-brained reprobate!"
Natasha claws you!
* * * LOW HITPOINT WARNING * * *
You slash Natasha!
You kill Natasha!
Trog accepts your kill.
Trog appreciates your killing of a magic user.
Natasha growls in agony!
The shadow imp disappears in a puff of smoke!
Your Axes skill increases to level 4!
The rat bites you but does no damage.
You see here a worm corpse.
You closely miss the rat. You slash the rat!
You kill the rat!
Trog accepts your kill.
You start resting.
You feel a strong urge to attack something.
You start resting.
You feel your anger nearly subside.
You are no longer berserk.
You are exhausted.
You feel yourself slow down.
You start resting.
Natasha, Servant of Life and Death comes into view.
Natasha is nearby!
Natasha hisses angrily.
Natasha claws you.
* * * LOW HITPOINT WARNING * * *
You see here a worm corpse.
You feel better. Natasha claws you but does no damage.
Natasha stares at you and mumbles some strange words.
The magic dart hits you!
You die...

#.# #.#
###########.#
#...........#
##.###########
.h......#
###.###.# #.#
#@# #....h#
####... .....
##..### #...
≈♣≈≈ #≈≈≈


You could see Natasha.

Vanquished Creatures
  Natasha (D:2)
  2 worms (D:2)
  6 bats
  2 endoplasms (D:1)
  A hobgoblin (D:2)
  2 quokkas
  3 ball pythons
  3 frilled lizards
  4 goblins
  6 kobolds
  8 rats
38 creatures vanquished.

Notes
Turn   | Place    | Note
-------+----------+-------------------------------------------
     0 | D:1      | Sweetruy1997 the Palentonga Berserker began the quest for
                  | the Orb.
     0 | D:1      | Reached XP level 1. HP: 19/19 MP: 1/1
    11 | D:1      | Found Nimpa's Weapon Shop.
   127 | D:1      | Found Voaguoh's Jewellery Boutique.
   232 | D:1      | Found Keidghuwk's General Store.
   316 | D:1      | Reached XP level 2. HP: 25/25 MP: 2/2
   817 | D:1      | Found Usoblauv's Book Shop.
   950 | D:1      | Bought a throwing net for 30 gold pieces
  1168 | D:2      | Reached ** piety under Trog
  1170 | D:2      | Reached XP level 3. HP: 31/31 MP: 3/3
  1437 | D:2      | Noticed Natasha
  1450 | D:2      | Killed Natasha
  1451 | D:2      | Reached skill level 4 in Axes
  1469 | D:2      | Noticed Natasha
  1471 | D:2      | Killed from afar by Natasha

Illustrated notes

Levels and vault maps discovered:
D:1:      amcnicky_arrival_single_pillar, layout_basic, serial_shops, shop,
          shop, shop, nicolae_shop_stone
D:2:      kennysheep_six_static_rooms, layout_loops_ring,
          chequers_serial_rivers_marsh, uniq_natasha, uniq_crazy_yiuf_cottage

Skill      XL: |  1  2  3 |
---------------+----------+-----
Axes           | 4 |  4.0
Fighting       | |  3.4
Armour         | |  1.7
Dodging        | |  1.9
Stealth        | |  0.2

Action                   || total
-------------------------++-------
Melee: Hand axe          ||   106
       Tailslap          ||     7
Throw: Throwing net      ||     3
Invok: Berserk           ||     1
 Abil: Rolling Charge    ||    19
  Use: Scroll            ||     5
       Potion            ||     1
 Stab: Sleeping          ||     1
Armor: Animal skin       ||    54
       Ring mail         ||     3
Dodge: Dodged            ||    41

Table legend: (Time is in decaauts)
 A = Elapsed time spent in this place.
 B = Non-inter-level travel time spent in this place.
 C = Inter-level travel time spent in this place.
 D = Time resting spent in this place.
 E = Time spent auto-exploring this place.
 F = Levels seen in this place.
 G = Mean time per level.
                   A        B        C        D        E       F      G
               +--------+--------+--------+--------+--------+-----+--------+
         Total |   1488 |   1362 |    126 |    221 |    891 |   2 |  744.0 |
       Dungeon |   1488 |   1362 |    126 |    221 |    891 |   2 |  744.0 |
               +--------+--------+--------+--------+--------+-----+--------+

Top non-repeatable levels by time:
     D:1: 922 daAuts
     D:2: 565 daAuts
